 Dungeon Crawl Stone Soup version 0.31.0-32-g396128a36d (webtiles) character file.

Game seed: 8339568095170959256

20067 TacoSundae the Nimble (level 12, -10/95 HPs)
             Began as a Gnoll Gladiator on Apr 14, 2024.
             Was a High Priest of Okawaru.
             Mangled by a boulder beetle (12 damage)
             ... on level 11 of the Dungeon on Apr 15, 2024.
             The game lasted 00:43:48 (13623 turns).

TacoSundae the Nimble (Gnoll Gladiator)            Turns: 13623, Time: 00:43:49

Health: -10/95     AC: 13    Str: 13    XL:     12   Next: 75%
Magic:  23/23      EV: 16    Int:  7    God:    Okawaru [*****.]
Gold:   734        SH:  7    Dex: 20    Spells: 26/26 levels left

rFire   . . .        b - +1 rapier (venom)
rCold   . . .        w - +0 buckler
rNeg    + . .        E - +0 swamp dragon scales
rPois   +            c - +0 helmet
rElec   .            (no cloak)
rCorr   +            o - +1 pair of gloves
SInv    .            (no boots)
Will    .....        (no amulet)
Stlth   +++          f - ring of positive energy
HPRegen 0.35/turn    u - ring of resist corrosion
MPRegen 0.18/turn

%: no passive effects
@: hasted, studying Axes, very quick
A: fangs 1, strong nose, distributed training
a: Renounce Religion, Heroism, Finesse, Duel


You were on level 11 of the Dungeon.
You worshipped Okawaru.
Okawaru was extremely pleased with you.
You visited 1 branch of the dungeon, and saw 14 of its levels.
You also visited: Bailey.

You collected 734 gold pieces.

Inventory:

Hand Weapons
 a - a +4 trident of draining
 b - a +1 rapier of venom (weapon)
 y - a +3 dagger
Missiles
 e - a javelin
 g - 4 silver javelins
 h - 4 throwing nets
 q - 16 boomerangs
 z - 44 poisoned darts (quivered)
Armour
 c - a +0 helmet (worn)
 o - a +1 pair of gloves (worn)
 v - a +3 leather armour of willpower
 w - a +0 buckler (worn)
 E - +0 swamp dragon scales (worn)
Jewellery
 f - a ring of positive energy (left hand)
 u - a ring of resist corrosion (right hand)
Wands
 j - a wand of digging (10)
 p - a wand of quicksilver (12)
 s - a wand of iceblast (25)
Scrolls
 d - 2 scrolls of poison
 m - a scroll of enchant armour
 A - 2 scrolls of fog
 D - 3 scrolls of teleportation
Potions
 i - a potion of mutation
 l - 7 potions of brilliance
 n - a potion of haste
 r - a potion of invisibility
 t - 4 potions of curing
 x - a potion of magic
 B - 3 potions of might
 C - a potion of attraction {unknown}
 F - 2 potions of berserk rage


   Skills:
 + Level 9.2 Fighting
 + Level 10.3 Short Blades
 + Level 7.9 Long Blades
 + Level 8.2 Axes
 + Level 7.9 Maces & Flails
 + Level 7.9 Polearms
 + Level 7.9 Staves
 + Level 7.9 Ranged Weapons
 + Level 9.2 Throwing
 + Level 7.9 Armour
 + Level 10.3 Dodging
 + Level 7.9 Stealth
 + Level 7.9 Shields
 + Level 7.9 Unarmed Combat
 + Level 7.9 Spellcasting
 + Level 6.5 Conjurations
 + Level 6.5 Hexes
 + Level 6.5 Summonings
 + Level 6.5 Necromancy
 + Level 6.5 Translocations
 + Level 6.5 Fire Magic
 + Level 6.5 Ice Magic
 + Level 6.5 Air Magic
 + Level 6.5 Earth Magic
 + Level 6.5 Alchemy
 + Level 8.6 Invocations
 + Level 7.9 Evocations
 + Level 7.2 Shapeshifting


You had 26 spell levels left.
You didn't know any spells.
Your spell library contained the following spells:

 Spells                   Type           Power      Damage    Failure   Level
 Cigotuvi's Dreadful Rot  Necr/Alch/Air  22%        N/A       5%          2
 Ensorcelled Hibernation  Hex/Ice        22%        N/A       5%          2
 Lesser Beckoning         Tloc           22%        N/A       5%          2
 Fugue of the Fallen      Necr           11%        N/A       11%         3
 Gell's Gravitas          Tloc           11%        N/A       11%         3
 Hailstorm                Conj/Ice       11%        3d6       11%         3
 Teleport Other           Tloc           11%        N/A       11%         3
 Anguish                  Hex/Necr       5%         N/A       34%         4
 Ignite Poison            Fire/Alch      11%        N/A       34%         4
 Passage of Golubria      Tloc           11%        N/A       34%         4
 Freezing Cloud           Conj/Ice/Air   5%         6-21      67%         5
 Yara's Violent Unravell  Hex/Alch       5%         3d4       67%         5
 Summon Ice Beast         Ice/Summ       Unusable   N/A       N/A         3
 Tukima's Dance           Hex            Unusable   N/A       N/A         3
 Sculpt Simulacrum        Ice/Alch       Unusable   N/A       N/A         6

Dungeon Overview and Level Annotations

Branches:
Dungeon (14/15)            Temple (0/1) D:4            Lair (0/5) D:10
    Orc (0/2) D:9          Bailey (visited)
 Vaults: D:13-14

Altars:
Cheibriados
Elyvilon
Gozag
Kikubaaqudgha
Nemelex Xobeh
Okawaru
Qazlal
Ru
Sif Muna
Uskayaw
Vehumet
Xom
Zin
The Shining One

Shops:
D:11 :

Annotations:
D:3 1 runed translucent door, Crazy Yiuf
D:4 exclusion: statue
D:6 3 runed translucent doors, Prival's ghost, novice DsCj
D:8 2 runed translucent doors
D:12 exclusion: obsidian statue, Sonja


Innate Abilities, Weirdness & Mutations

You have very sharp teeth.
Your uncanny sense of smell can sniff out nearby items.
Your experience applies equally to all skills.


Message History

* * * LOW HITPOINT WARNING * * *
You feel better. Something hits you.
* * * LOW HITPOINT WARNING * * *
Something bites you.
* * * LOW HITPOINT WARNING * * *
Something draws strength from your injuries!
The boulder beetle bites you.
* * * LOW HITPOINT WARNING * * *
Okay, then.
Unknown command.
You feel much better.
You feel like a meek peon again. Something hits you but does no damage.
Something bites you but does no damage. The boulder beetle misses you.
You hit the boulder beetle.
The boulder beetle is poisoned.
You bite the boulder beetle, but do no damage.
The boulder beetle is moderately wounded.
Something hits you but does no damage. Something bites you!
* * * LOW HITPOINT WARNING * * *
Something draws strength from your injuries!
The boulder beetle completely misses you.
You hit something but do no damage. You bite something. Something hits you!
* * * LOW HITPOINT WARNING * * *
Something barely misses you. The boulder beetle barely misses you.
Unknown command.
You hit something but do no damage. Something hits you but does no damage.
Something bites you!
* * * LOW HITPOINT WARNING * * *
Something draws strength from your injuries!
The boulder beetle closely misses you.
Unknown command.
Okay, then.
You feel yourself speed up. Something hits you!
* * * LOW HITPOINT WARNING * * *
Something bites you but does no damage. The boulder beetle barely misses you.
Unknown command.
Found a short sword.
The boulder beetle attacks as it pursues you!
The boulder beetle bites you!
You die...

∆ ####.##.# #.........
#...... #..#######
#.#####.##.# #..# #
#.....)....######..#######
#######)............<...##
##.#########..####.##
##...## #...####...
#.....# #..........
#...B@# #...###.###
#.....# ###?##...##
##....# #.......! ###..#
####...## #..# #####.##
#..# #....<# #..# #.#####
#.)#


You could see a boulder beetle (poisoned, drained).

Vanquished Creatures
  Josephine (D:10)
  Harold (D:10)
  2 vault guards (Bailey)
  2 centaur warriors (D:13)
  5 two-headed ogres
  An ugly thing (D:11)
  Joseph (D:7)
  2 manticores (D:12)
  The ghost of Consumeair16 the Grave Robber, a novice GnWn of the Shining One (D:5)
  Jeremiah (D:6)
  A kobold demonologist (D:8)
  2 komodo dragons (D:10)
  Maggie (D:10)
  5 trolls
  Prince Ribbit (Bailey)
  Grinder (D:6)
  Sigmund (D:6)
  A shadow (D:11)
  9 wraiths
  3 wyverns (D:9)
  6 yaks
  3 humans (Bailey)
  Eustachio (D:6)
  A steam dragon (D:9)
  2 water moccasins
  An acid dragon (D:10)
  Duvessa (D:4)
  2 orc warriors
  An ice beast (D:8)
  4 black bears
  4 ogres
  6 centaurs
  3 kobold brigands
  12 bullfrogs
  A gnoll sergeant (D:12)
  2 scorpions
  13 wights
  Dowan (D:4)
  8 killer bees
  4 howler monkeys
  2 hounds
  11 orc priests
  6 iguanas
  Jessica (D:2)
  10 orc wizards
  9 gnolls
  6 adders
  2 shadow imps
  3 white imps
  2 ufetubi (D:5)
  4 dart slugs
  2 ribbon worms
  45 orcs
  9 endoplasms
  3 giant cockroaches
  13 goblins
  8 hobgoblins
  2 jackals (D:1)
  22 kobolds
  3 quokkas
  8 ball pythons
  9 bats
  6 frilled lizards
  4 rats
308 creatures vanquished.

Vanquished Creatures (others)
  An angel (D:4)
  An orc (D:9)
2 creatures vanquished.

Grand Total: 310 creatures vanquished

Notes
Turn   | Place    | Note
-------+----------+-------------------------------------------
     0 | D:1      | TacoSundae the Gnoll Gladiator began the quest for the Orb.
     0 | D:1      | Reached XP level 1. HP: 20/20 MP: 1/1
   132 | D:1      | Reached XP level 2. HP: 23/26 MP: 2/2
   416 | D:1      | Found a faded altar of an unknown god.
   469 | D:1      | Reached XP level 3. HP: 21/31 MP: 3/3
   571 | D:1      | Reached skill level 1 in Invocations
   784 | D:2      | Reached skill level 1 in Long Blades
   784 | D:2      | Reached skill level 1 in Axes
   784 | D:2      | Reached skill level 1 in Maces & Flails
   784 | D:2      | Reached skill level 1 in Polearms
   784 | D:2      | Reached skill level 1 in Staves
   784 | D:2      | Reached skill level 1 in Ranged Weapons
   784 | D:2      | Reached skill level 1 in Armour
   784 | D:2      | Reached skill level 1 in Stealth
   784 | D:2      | Reached skill level 1 in Shields
   784 | D:2      | Reached skill level 1 in Unarmed Combat
   784 | D:2      | Reached skill level 1 in Spellcasting
   784 | D:2      | Reached skill level 1 in Evocations
   835 | D:2      | Found a snail-covered altar of Cheibriados.
   855 | D:2      | Reached skill level 1 in Shapeshifting
   855 | D:2      | Reached XP level 4. HP: 31/38 MP: 5/5
   900 | D:2      | Noticed Jessica
   912 | D:2      | Killed Jessica
   913 | D:2      | Reached skill level 1 in Conjurations
   913 | D:2      | Reached skill level 1 in Hexes
   913 | D:2      | Reached skill level 1 in Summonings
   913 | D:2      | Reached skill level 1 in Necromancy
   913 | D:2      | Reached skill level 1 in Translocations
   913 | D:2      | Reached skill level 1 in Fire Magic
   913 | D:2      | Reached skill level 1 in Ice Magic
   913 | D:2      | Reached skill level 1 in Air Magic
   913 | D:2      | Reached skill level 1 in Earth Magic
   913 | D:2      | Reached skill level 1 in Alchemy
  1328 | D:3      | Found an iron altar of Okawaru.
  1337 | D:3      | Became a worshipper of Warmaster Okawaru
  1419 | D:3      | Reached XP level 5. HP: 41/43 MP: 7/7
  1492 | D:3      | Found a shimmering blue altar of Sif Muna.
  1878 | D:3      | Found a runed translucent door.
  1879 | D:3      | Noticed Crazy Yiuf
  2016 | D:4      | Found a glowing silver altar of Zin.
  2016 | D:4      | Found a shimmering altar of Xom.
  2016 | D:4      | Noticed an angel
  2099 | D:4      | Noticed Dowan
  2111 | D:4      | Killed an angel
  2116 | D:4      | Noticed Duvessa
  2127 | D:4      | Noticed an ogre
  2135 | D:4      | Noticed a black bear
  2179 | D:4      | Killed an ogre
  2180 | D:4      | Reached XP level 6. HP: 46/50 MP: 8/8
  2188 | D:4      | Killed a black bear
  2188 | D:4      | Reached * piety under Okawaru
  2189 | D:4      | Reached skill level 5 in Fighting
  2189 | D:4      | Reached skill level 5 in Throwing
  2321 | D:4      | Killed Duvessa
  2322 | D:4      | Reached XP level 7. HP: 23/56 MP: 8/10
  2335 | D:4      | Killed Dowan
  2478 | D:4      | Found an ancient bone altar of Kikubaaqudgha.
  2497 | D:4      | Found a sacrificial altar of Ru.
  2559 | D:4      | Found a staircase to the Ecumenical Temple.
  2587 | D:4      | Found a radiant altar of Vehumet.
  2774 | D:5      | Entered Level 5 of the Dungeon
  3123 | D:5      | Reached ** piety under Okawaru
  3124 | D:5      | Reached XP level 8. HP: 22/63 MP: 12/12
  3329 | D:5      | Found a runed translucent door.
  3331 | D:5      | Noticed Consumeair16's ghost (novice GnWn)
  3755 | D:5      | Killed Consumeair16's ghost
  4202 | D:6      | Noticed Sigmund
  4306 | D:6      | Killed Sigmund
  4307 | D:6      | Reached XP level 9. HP: 69/69 MP: 14/14
  4566 | D:6      | Found a runed translucent gate.
  4566 | D:6      | Found a runed translucent gate.
  4566 | D:6      | Found a runed translucent gate.
  4568 | D:6      | Found an opulent altar of Gozag.
  4571 | D:6      | Noticed Prival's ghost (novice DsCj)
  4586 | D:6      | Noticed Eustachio
  4632 | D:6      | Killed Eustachio
  4885 | D:6      | Reached *** piety under Okawaru
  5164 | D:6      | Noticed Jeremiah
  5208 | D:6      | Killed Jeremiah
  5406 | D:6      | Noticed Grinder
  5411 | D:6      | Killed Grinder
  5412 | D:6      | Reached skill level 5 in Invocations
  5701 | D:7      | Found an opulent altar of Gozag.
  5864 | D:7      | Found a flagged portal.
  5872 | Bailey   | Entered a bailey
  6080 | Bailey   | Reached skill level 5 in Long Blades
  6080 | Bailey   | Reached skill level 5 in Axes
  6080 | Bailey   | Reached skill level 5 in Maces & Flails
  6080 | Bailey   | Reached skill level 5 in Polearms
  6080 | Bailey   | Reached skill level 5 in Staves
  6080 | Bailey   | Reached skill level 5 in Ranged Weapons
  6080 | Bailey   | Reached skill level 5 in Armour
  6080 | Bailey   | Reached skill level 5 in Stealth
  6080 | Bailey   | Reached skill level 5 in Shields
  6080 | Bailey   | Reached skill level 5 in Unarmed Combat
  6080 | Bailey   | Reached skill level 5 in Spellcasting
  6080 | Bailey   | Reached skill level 5 in Evocations
  6094 | Bailey   | Reached XP level 10. HP: 40/77 MP: 17/17
  6110 | Bailey   | HP: 3/77 [bullfrog (1)]
  6112 | Bailey   | Reached **** piety under Okawaru
  6477 | Bailey   | Noticed a vault guard
  6477 | Bailey   | Noticed a vault guard
  6477 | Bailey   | Noticed Prince Ribbit
  6515 | Bailey   | Killed a vault guard
  6686 | Bailey   | Killed Prince Ribbit
  6741 | Bailey   | Killed a vault guard
  6742 | Bailey   | Reached skill level 5 in Shapeshifting
  7734 | D:7      | Noticed Joseph
  7752 | D:7      | Killed Joseph
  8286 | D:8      | Found a snail-covered altar of Cheibriados.
  8287 | D:8      | Noticed a kobold demonologist
  8326 | D:8      | Killed a kobold demonologist
  8430 | D:8      | Reached skill level 5 in Conjurations
  8430 | D:8      | Reached skill level 5 in Hexes
  8430 | D:8      | Reached skill level 5 in Summonings
  8430 | D:8      | Reached skill level 5 in Necromancy
  8430 | D:8      | Reached skill level 5 in Translocations
  8430 | D:8      | Reached skill level 5 in Fire Magic
  8430 | D:8      | Reached skill level 5 in Ice Magic
  8430 | D:8      | Reached skill level 5 in Air Magic
  8430 | D:8      | Reached skill level 5 in Earth Magic
  8430 | D:8      | Reached skill level 5 in Alchemy
  8433 | D:8      | Reached XP level 11. HP: 85/85 MP: 12/20
  8641 | D:8      | Found a stormy altar of Qazlal.
  8771 | D:8      | Found a runed translucent door.
  8912 | D:8      | Noticed a two-headed ogre
  8934 | D:8      | Killed a two-headed ogre
  8974 | D:8      | Found a large runed translucent door.
  8974 | D:8      | Found a runed translucent door.
  9020 | D:8      | Found a large runed translucent door.
  9021 | D:8      | Found a runed translucent door.
  9021 | D:8      | Found a runed translucent door.
  9021 | D:8      | Found a runed translucent door.
  9969 | D:9      | Found a staircase to the Orcish Mines.
 10125 | D:9      | Found a hide-covered altar of Uskayaw.
 10187 | D:9      | Found a sparkling altar of Nemelex Xobeh.
 10501 | D:9      | Found a glowing golden altar of the Shining One.
 10510 | D:9      | Found a white marble altar of Elyvilon.
 10598 | D:10     | Entered Level 10 of the Dungeon
 10605 | D:10     | Noticed Maggie
 10626 | D:10     | Killed Maggie
 10626 | D:10     | Reached ***** piety under Okawaru
 10777 | D:10     | Noticed a two-headed ogre
 10804 | D:10     | Killed a two-headed ogre
 10850 | D:10     | Noticed a two-headed ogre
 10865 | D:10     | Killed a two-headed ogre
 11070 | D:10     | Found a staircase to the Lair.
 11122 | D:10     | Received a gift from Okawaru
 11166 | D:10     | Noticed Josephine
 11190 | D:10     | Killed Josephine
 11191 | D:10     | Reached XP level 12. HP: 43/93 MP: 20/22
 11689 | D:10     | Noticed Harold
 11710 | D:10     | Killed Harold
 12078 | D:11     | Noticed a two-headed ogre
 12109 | D:11     | Killed a two-headed ogre
 12110 | D:11     | Reached skill level 10 in Short Blades
 12110 | D:11     | Reached skill level 10 in Dodging
 12305 | D:11     | Found Vimuelem's Book Shoppe.
 12369 | D:11     | You fall into a shaft and drop 3 floors!
 12422 | D:13     | Noticed an eight-headed hydra
 12461 | D:13     | Noticed a boulder beetle
 12508 | D:13     | Noticed a centaur warrior
 12530 | D:13     | Killed a centaur warrior
 12686 | D:13     | Noticed a centaur warrior
 12705 | D:13     | Killed a centaur warrior
 13340 | D:12     | Received a gift from Okawaru
 13365 | D:12     | Noticed Sonja
 13433 | D:11     | Noticed a two-headed ogre
 13471 | D:11     | Killed a two-headed ogre
 13571 | D:11     | Noticed a boulder beetle
 13621 | D:11     | HP: 1/95 [something (9)]
 13623 | D:11     | Mangled by a boulder beetle

Illustrated notes

Levels and vault maps discovered:
D:1:      dpeg_arrival_rooms_a, layout_basic, chequers_ecumenical_altar_lobes,
          st_stairs_2
D:2:      layout_rooms, basic_altar, minmay_pentomino_x4, uniq_jessica
D:3:      layout_basic, nicolae_overflow_crystal_walls,
          okawaru_ov_weapons_minmay, uniq_crazy_yiuf_cottage
D:4:      layout_cave_pools, grunt_temple_overflow_order_and_chaos_1,
          mainiacjoe_overflow_tiny_flanked, vehumet_statue,
          nicolae_overflow_hidden_temple, minmay_temple_entry_trees,
          uniq_duvessa
D:5:      layout_basic, ebering_ghost_sewer_d, nrook_uturn
D:6:      layout_basic, ebering_ghost_gozag, uniq_eustachio, uniq_sigmund,
          uniq_jeremiah, uniq_grinder
D:7:      layout_basic, nicolae_gozag_seed_capital, enter_bailey_3,
          kennysheep_generic_room_16, uniq_joseph
D:8:      layout_cave_pools, kennysheep_mini_moat,
          mainiacjoe_overflow_surrounded_room, lightli_church_of_beogh,
          uniq_prince_ribbit1
D:9:      layout_big_octagon, nemelex_diamond_rough_becter,
          lemuel_crystal_altar, mainiacjoe_overflow_swirl, hiddenorc2_lemuel
D:10:     layout_basic, grunt_lair_entry_orc_guard_hut, uniq_josephine,
          uniq_maggie, uniq_harold
D:11:     layout_loops_ring, serial_shops, nicolae_take_the_stairs
D:12:     minmay_statue_hallways, layout_stronghold,
          nicolae_trove_entry_diagonal, ebering_ghost_disaster_area, uniq_sonja
D:13:     layout_irregular_city
D:14:     layout_roguey, grunt_vaults_entry_fortified, minivault_21,
          kennysheep_cross_room, nicolae_looking_at_the_future

Skill      XL: |  1  2  3  4  5  6  7  8  9 10 11 12 |
---------------+-------------------------------------+-----
Invocations    | 1 2 3 4 5 6 7 8 |  8.6
Long Blades    | 1 2 3 5 6 7 |  7.9
Axes           | 1 2 3 5 6 7 8 |  8.2
Maces & Flails | 1 2 3 5 6 7 |  7.9
Polearms       | 1 2 3 5 6 7 |  7.9
Staves         | 1 2 3 5 6 7 |  7.9
Ranged Weapons | 1 2 3 5 6 7 |  7.9
Armour         | 1 2 3 5 6 7 |  7.9
Stealth        | 1 2 3 5 6 7 |  7.9
Shields        | 1 2 3 5 6 7 |  7.9
Unarmed Combat | 1 2 3 5 6 7 |  7.9
Spellcasting   | 1 2 3 5 6 7 |  7.9
Evocations     | 1 2 3 5 6 7 |  7.9
Shapeshifting  | 1 2 3 4 5 6 7 |  7.2
Conjurations   | 1 2 3 4 5 6 |  6.5
Hexes          | 1 2 3 4 5 6 |  6.5
Summonings     | 1 2 3 4 5 6 |  6.5
Necromancy     | 1 2 3 4 5 6 |  6.5
Translocations | 1 2 3 4 5 6 |  6.5
Fire Magic     | 1 2 3 4 5 6 |  6.5
Ice Magic      | 1 2 3 4 5 6 |  6.5
Air Magic      | 1 2 3 4 5 6 |  6.5
Earth Magic    | 1 2 3 4 5 6 |  6.5
Alchemy        | 1 2 3 4 5 6 |  6.5
Fighting       | 5 6 7 8 9 |  9.2
Throwing       | 5 6 7 8 9 |  9.2
Short Blades   | 7 8 9 10 | 10.3
Dodging        | 7 8 9 10 | 10.3

Action                     |  1- 3 |  4- 6 |  7- 9 | 10-12 || total
---------------------------+-------+-------+-------+-------++-------
  Melee: Rapier            |   124 |   154 |   385 |   276 ||   939
         Bite              |    10 |    14 |    43 |   135 ||   202
         Punch             |     1 |     6 |       |       ||     7
         Trident           |       |       |    28 |   662 ||   690
         Dagger            |       |       |       |    38 ||    38
  Throw: Throwing net      |       |     3 |       |       ||     3
         Boomerang         |       |       |     5 |     8 ||    13
         Javelin           |       |       |     1 |       ||     1
         Dart              |       |       |       |    19 ||    19
 Invoke: Heroism           |       |     1 |     4 |    11 ||    16
         Finesse           |       |       |       |     3 ||     3
    Use: Potion            |       |     5 |     4 |     5 ||    14
         Scroll            |       |       |    12 |     6 ||    18
   Stab: Sleeping          |       |     2 |    11 |    12 ||    25
         Held in net/web   |       |     2 |       |       ||     2
         Distracted        |       |       |     1 |       ||     1
 Armour: Leather armour    |    63 |    66 |    87 |   134 ||   350
         Robe              |       |       |    71 |    54 ||   125
         Swamp dragon scal |       |       |       |   188 ||   188
  Dodge: Dodged            |   116 |   112 |   221 |   498 ||   947
  Block: Buckler           |       |       |   103 |   244 ||   347
